AoeStats
← Ambicia

Four Lakes

508030082Analyzed
1v1 RM · 12d ago on Sep 20, 2026· 37m 14s· 2 players
Game mode
Random Map
Map size
Tiny (2 player)
Population
200
Speed
Normal
Resources
Standard
Victory
Conquest
Starting age
Dark Age
Ending age
Imperial Age
RankedLock teamsTeams togetherTeam positionsShared explorationLock speedFull tech treeHidden civsTurbo modeCheats
Victory
Defeat
🇺🇦 Koreans · Ukraine
827
+17
🇨🇭 Armenians · Switzerland
845
-17
Ambicia
11:23 Feudal Age
13:14 Wheelbarrow
12:25 Double-Bit Axe
12:31 Fishing Lines
13:57 Stone Mining
16:24 Fletching
17:29 Loom
20:06 Castle Age
18:02 Horse Collar
19:22 Gold Mining
20:47 Bodkin Arrow
21:20 Hand Cart
21:46 Bow Saw
22:35 Town Watch
23:35 Stone Shaft Mining
23:14 Gillnets
25:21 Ballistics
26:59 Gold Shaft Mining
26:41 Treadmill Crane
30:07 Imperial Age
28:48 Eupseong
30:08 Murder Holes
30:24 Masonry
31:04 Bracer
32:15 Arrowslits
33:56 Chemistry
36:12 Architecture
fs5490
9:06 Loom
11:32 Feudal Age
12:09 Double-Bit Axe
15:00 Fletching
19:39 Castle Age
18:46 Gold Mining
18:46 Fishing Lines
20:31 Wheelbarrow
21:39 Bodkin Arrow
21:55 Forging
21:36 Crossbowman
22:39 Bow Saw
23:12 Town Watch
24:06 Ballistics
25:03 Gillnets
27:49 Iron Casting
31:15 Imperial Age
30:21 Scale Barding Armor
31:07 Bloodlines
30:58 Husbandry
31:04 Light Cavalry
33:23 Horse Collar
34:08 Capped Ram
Connection lost

Rejoining the realm…

Still unreachable

The connection could not be restored.

Session expired

The server has moved on; the page needs a fresh start.